 Dungeon Crawl Stone Soup version 0.19-a0-1168-g98094fc (webtiles) character file.

592 4thArraOfDagon the Ruffian (level 7, -1/61 HPs)
             Began as a Troll Artificer on Aug 15, 2016.
             Was an Initiate of Vehumet.
             Slain by a hill giant
             ... wielding a +0 giant club
              (35 damage)
             ... on level 7 of the Dungeon.
             The game lasted 00:04:46 (1028 turns).

4thArraOfDagon the Ruffian (Troll Artificer)        Turns: 1028, Time: 00:04:47

Health: -1/61      AC:  7    Str: 21    XL:     7   Next: 16%
Magic:  7/7        EV:  5    Int:  9    God:    Vehumet [......]
Gold:   114        SH: 13    Dex: 10    Spells: 0 memorised, 6 levels left

rFire  + . .     SeeInvis .       - Unarmed
rCold  x . .     Gourm    +     t - +2 robe of Bedevilment {rF+ rC- rCorr}
rNeg   . . .     Faith    .     u - +0 large shield (curse)
rPois  .         Spirit   .     (helmet restricted)
rElec  .         Dismiss  .     (no cloak)
rCorr  +         Reflect  .     (gloves unavailable)
MR     +....     Harm     .     (boots unavailable)
Stlth  +.........               (no amulet)
                                (no ring)
                                (no ring)

@: no status effects
A: unfitting armour, claws 3, fast metabolism 3, gourmand, magic resistance 1,
regeneration 2, shaggy fur 1, tough skin 2
a: Renounce Religion


You were on level 7 of the Dungeon.
You worshipped Vehumet.
Vehumet was noncommittal.
You were very full.

You visited 1 branch of the dungeon, and saw 7 of its levels.

You collected 114 gold pieces.

Inventory:

Hand Weapons
 a - a +0 short sword
Armour
 b - a +0 robe
 t - the +2 robe of Bedevilment (worn) {rF+ rC- rCorr}
   (You found it on level 5 of the Dungeon)

   It protects you from fire.
   It makes you vulnerable to cold.
   It protects you from acid and corrosion.
 u - a cursed +0 large shield (worn)
Wands
 c - a wand of flame (15/48)
 d - a wand of enslavement (14/24)
 e - a wand of random effects (15/48)
 q - a wand of digging (12/24)
 s - a wand of digging (16/24)
Scrolls
 h - 3 scrolls of magic mapping {unknown}
 i - a scroll of random uselessness {unknown}
 j - 2 scrolls of enchant armour {unknown}
 k - a scroll of teleportation
 l - a scroll of amnesia
 m - a scroll of fog {unknown}
 p - 2 scrolls of remove curse {unknown}
 r - 3 scrolls of recharging {unknown}
Comestibles
 f - 3 bread rations
 o - a royal jelly
 v - a beef jerky


   Skills:
 - Level 0.7 Fighting
 - Level 0.7 Short Blades
 - Level 1.5 Dodging
 - Level 0.4 Stealth
 * Level 1.9 Shields
 * Level 7.1 Unarmed Combat
 - Level 2.1 Evocations


You had 6 spell levels left.
You didn't know any spells.

Dungeon Overview and Level Annotations

Branches:
Dungeon (7/15)
 Temple: D:4-7

Altars:
Gozag
Vehumet


Innate Abilities, Weirdness & Mutations

You are too large for most types of armour.
You have claws for hands.
Your metabolism is lightning-fast.
You like to eat raw meat.
You heal very quickly.
You are covered in fur. (AC +1)
You have very tough skin. (AC +2)
You are resistant to hostile enchantments. (MR+)


Message History

Your scorpion stings the hill giant but does no damage.
Unknown command.
You claw the hill giant!
The hill giant is severely wounded.
You block the hill giant's attack.
Your scorpion stings the hill giant.
Unknown command.
You claw the hill giant!
The hill giant is almost dead.
Your scorpion stings the hill giant.
The hill giant hits you with a giant club!!
Unknown command.
You scratch the hill giant.
The hill giant is almost dead.
Your scorpion stings the hill giant but does no damage.
Unknown command.
You scratch the hill giant.
The hill giant is almost dead.
The hill giant hits you with a giant club!!
Ouch! That really hurt!
You die...

######...
#@Cs.....
#........
#........
###
#.../!...
..
######+#.
#. #####.
......
###.#.
#.....


You could see a hill giant and a friendly scorpion.

Vanquished Creatures
  A phantom (D:5)
  A centaur (D:6)
  A big kobold (D:7)
  A giant frog (D:7)
  A killer bee (D:7)
  2 crimson imps (D:5)
  A hound (D:5)
  A centaur skeleton (D:7)
  Terence (D:3)
  A worker ant (D:6)
  2 adders (D:3)
  A shadow imp (D:5)
  An ooze (D:1)
  A worm (D:4)
  2 dart slugs
  2 giant cockroaches
  A goblin (D:3)
  5 hobgoblins
  3 jackals (D:3)
  A quokka (D:3)
  3 bats
  2 giant newts
  8 kobolds
  2 rats (D:1)
45 creatures vanquished.

Notes
Turn   | Place    | Note
-------+----------+-------------------------------------------
     0 | D:1      | 4thArraOfDagon the Troll Artificer began the quest for the Orb.
     0 | D:1      | Reached XP level 1. HP: 18/18 MP: 1/1
    48 | D:1      | Reached skill level 1 in Unarmed Combat
   102 | D:1      | Reached XP level 2. HP: 13/26 MP: 2/2
   139 | D:2      | Reached skill level 2 in Unarmed Combat
   301 | D:3      | Reached XP level 3. HP: 20/32 MP: 3/3
   311 | D:3      | Noticed Terence
   324 | D:3      | Killed Terence
   324 | D:3      | Reached skill level 3 in Unarmed Combat
   407 | D:3      | Reached XP level 4. HP: 40/40 MP: 4/4
   521 | D:3      | Found a radiant altar of Vehumet.
   532 | D:3      | Became a worshipper of Vehumet
   591 | D:5      | Entered Level 5 of the Dungeon
   597 | D:5      | Reached skill level 4 in Unarmed Combat
   605 | D:5      | Reached XP level 5. HP: 46/46 MP: 5/5
   623 | D:5      | Noticed a phantom
   662 | D:5      | Reached skill level 5 in Unarmed Combat
   664 | D:5      | Killed a phantom
   698 | D:5      | Got a tattered robe
   709 | D:5      | Identified the +2 robe of Bedevilment {rF+ rC- rCorr} (You found it on level 5 of the Dungeon)
   744 | D:5      | Reached XP level 6. HP: 49/54 MP: 6/6
   759 | D:6      | Reached skill level 6 in Unarmed Combat
   829 | D:6      | Found an opulent altar of Gozag.
   875 | D:7      | jacquesderrida: ooo
   894 | D:7      | Reached skill level 1 in Shields
   925 | D:7      | Reached skill level 7 in Unarmed Combat
   925 | D:7      | Reached XP level 7. HP: 39/61 MP: 7/7
  1009 | D:7      | jacquesderrida: heni reni
  1016 | D:7      | Noticed a hill giant
  1017 | D:7      | Gained mutation: You are clumsy. (Dex -2) [potion of mutation]
  1017 | D:7      | Gained mutation: You are resistant to hostile enchantments. (MR+) [potion of mutation]
  1017 | D:7      | Lost mutation: You are clumsy. (Dex -2) [potion of mutation]
  1021 | D:7      | jacquesderrida: ReniFUCK
  1027 | D:7      | ReniFell: jux!
  1028 | D:7      | jacquesderrida: :D :D :D
  1028 | D:7      | Slain by a hill giant

Vault maps used:
D:1:      lemuel_arrival_muddy
D:3:      nicolae_overflow_hidden_temple, uniq_terence
D:4:      corexii_shack_village, nemelex_xobeh_ov_fountains_minmay
D:5:      first_bread
D:6:      lemuel_castle_with_subvaults, nicolae_overflow_crystal_walls,
          grunt_gozag_statues, kennysheep_dice, uniq_eustachio,
          uniq_blork_the_orc

Skill      XL: |  1  2  3  4  5  6 |
---------------+-------------------+-----
Unarmed Combat | 1 2 3 4 5 7 |  7.1
Shields        | 1 |  1.9
Fighting       | |  0.7
Short Blades   | |  0.7
Dodging        | |  1.5
Stealth        | |  0.4
Evocations     | |  2.1

Action                   |  1- 3 |  4- 6 |  7- 9 || total
-------------------------+-------+-------+-------++-------
Melee: Unarmed           |    83 |    86 |    21 ||   190
       Punch             |     1 |       |       ||     1
Evoke: Wand              |       |     1 |     1 ||     2
  Use: Scroll            |       |     3 |     1 ||     4
       Potion            |       |       |     2 ||     2
  Eat: Chunk             |     7 |     6 |       ||    13
Armor: Robe              |    32 |    30 |     3 ||    65
Dodge: Dodged            |    53 |    30 |     2 ||    85
Block: Large shield      |       |    18 |    14 ||    32
